 Dungeon Crawl Stone Soup version 0.17.0-24-gcfadda4 (webtiles) character file.

2785 Niddhoggr the Fighter (level 9, -1/89 HPs)
             Began as a Minotaur Fighter on Nov 17, 2015.
             Was an Initiate of Okawaru.
             Slain by an orc warrior
             ... wielding a +0 trident
              (8 damage)
             ... on level 9 of the Dungeon.
             The game lasted 00:31:37 (7967 turns).

Niddhoggr the Fighter (Minotaur Fighter)            Turns: 7967, Time: 00:31:37

Health: -1/89      AC: 15    Str: 22    XL:     9   Next: 43%
Magic:  17/17      EV:  4    Int:  8    God:    Okawaru [......]
Gold:   318        SH:  9    Dex:  9    Spells: 1 memorised, 6 levels left

rFire  + . .     SeeInvis .     p - +1 spear (vamp)
rCold  . . .     Clarity  .     z - +0 plate armour {rF+}
rNeg   . . .     SustAt   .     c - +0 shield
rPois  .         Gourm    .     (helmet restricted)
rElec  .         Spirit   .     x - +0 cloak
rCorr  .         Warding  .     f - +0 pair of gloves
rMut   .         Stasis   .     B - +0 pair of boots {Stlth+}
MR     .....                    (no amulet)
Stlth  ..........               (no ring)
                                m - ring of magical power

@: lethally poisoned (-1 -> -12), slowed, very slow, not resistant to hostile
enchantments, extremely unstealthy
A: retaliatory headbutt, horns 2
a: Renounce Religion


You were on level 9 of the Dungeon.
You worshipped Okawaru.
Okawaru was noncommittal.
You were hungry.

You visited 2 branches of the dungeon, and saw 10 of its levels.
You also visited: Sewer.

You collected 318 gold pieces.

Inventory:

Hand Weapons
 a - a +0 war axe
 p - a +1 vampiric spear (weapon)
Missiles
 y - 4 tomahawks of returning (quivered)
Armour
 b - a +0 scale mail
 c - a +0 shield (worn)
 f - a +0 pair of gloves (worn)
 x - a +0 cloak (worn)
 z - a +0 plate armour of fire resistance (worn)
 B - a +0 pair of boots of stealth (worn)
Jewellery
 m - a ring of magical power (left hand)
Wands
 i - a wand of confusion (30)
 r - a wand of disintegration (4)
Scrolls
 e - a scroll of magic mapping
 h - 4 scrolls of remove curse
 j - a scroll of recharging {unknown}
 q - 3 scrolls of teleportation
 t - 2 scrolls of fear
 v - 5 scrolls of identify
 C - a scroll of amnesia
Potions
 d - 3 potions of might
 g - 2 potions of curing
 k - a potion of flight
 s - a potion of poison {unknown}
 w - a potion of invisibility
Books
 o - a book of Frost

   Spells                             Type                      Level
   a - Freeze                         Ice                          1
   b - Throw Frost                    Conjuration/Ice              2
   c - Ozocubu's Armour               Charms/Ice                   3
   d - Throw Icicle                   Conjuration/Ice              4
   e - Summon Ice Beast               Ice/Summoning                4
   f - Condensation Shield            Ice                          4
 u - a Necronomicon

   Spells                             Type                      Level
   a - Haunt                          Necromancy/Summoning         7
   b - Borgnjor's Revivification      Necromancy                   8
   c - Death's Door                   Charms/Necromancy            8
   d - Necromutation                  Transmutation/Necromancy     8
Comestibles
 l - 2 meat rations
 n - 3 bread rations
 A - 5 chunks of flesh
 D - 4 fruits


   Skills:
 + Level 11.0 Fighting
 - Level 4.2(7.5) Axes
 + Level 9.6(10.0) Polearms
 - Level 3.6 Armour
 - Level 3.6 Shields
 + Level 2.0 Conjurations
 + Level 1.8 Ice Magic


You had 6 spell levels left.
You knew the following spells:

 Your Spells              Type           Power        Failure   Level  Hunger
a - Throw Frost           Conj/Ice       #.....       100%        2    ###....


Dungeon Overview and Level Annotations

Branches:
Dungeon (9/15)             Temple (1/1) D:6
   Lair: D:8-11         Orc: D:9-12

Altars:
Elyvilon
Fedhas
Gozag
Makhleb
Nemelex Xobeh
Okawaru
Qazlal
Ru
Trog
Vehumet
Xom
Zin
The Shining One


Innate Abilities, Weirdness & Mutations

You reflexively headbutt those who attack you in melee.
You have a pair of horns on your head.


Message History

You feel sick.
The orc wizard hits you but does no damage.
You feel sick.
The orc wizard points at you and mumbles some strange words.
The puff of flame misses you.
The deep elf mage points at you and mumbles some strange words.
The bolt of poison hits you!
You are more poisoned.
* * * LOW HITPOINT WARNING * * *
* * * LOW HITPOINT WARNING * * *
You feel sick. The deep elf mage casts a spell at you.
The bolt of poison misses you.
The orc warrior hits you but does no damage.
* * * LOW HITPOINT WARNING * * *
You feel sick.
The deep elf mage hits you with a long sword.
* * * LOW HITPOINT WARNING * * *
The orc warrior hits you from afar with a trident!
You die...

#...... ..# ####.....#
## #.# .........#...
#.# ##.......#.. ##.#
.#.......'. #..#####
.#.......# #.......
.#.......########...#
.#..............@o..#
.#...............e..#
..#
##.......########oo.#
..' .........# #...#
...# ####.....#
#.).#....# #.....#
#...#....#
#.....########...'....#
#................#.####
#................###..


You could see an orc warrior, a deep elf mage, an orc wizard and an orc.

Vanquished Creatures
  A hungry ghost (D:4)
  A wyvern (D:9)
  Edmund (D:4)
  A sky beast (D:6)
  An orc warrior (D:7)
  3 phantoms
  A black bear (D:6)
  3 ogres
  6 big kobolds (Sewer)
  3 giant frogs
  2 scorpions
  6 crimson imps
  2 centaur skeletons (D:4)
  A jelly (D:5)
  2 orc priests (D:4)
  3 orc wizards
  3 worker ants
  Jessica (D:3)
  A hound zombie (D:6)
  A worker ant zombie (D:6)
  A river rat (Sewer)
  11 adders
  3 shadow imps
  5 oozes
  4 adder skeletons
  An adder zombie (D:4)
  5 worms
  6 giant geckos
  15 orcs
  5 ball pythons
  10 bats
  10 giant cockroaches
  10 goblins
  10 hobgoblins
  10 jackals
  10 kobolds
  2 quokkas
  A giant cockroach zombie (D:6)
  6 giant newts
  A jackal zombie (D:5)
  A quokka zombie (D:6)
  4 rats
174 creatures vanquished.

Vanquished Creatures (others)
  An orc (D:9)
  A kobold (D:3)
2 creatures vanquished.

Grand Total: 176 creatures vanquished

Notes
Turn   | Place    | Note
--------------------------------------------------------------
     0 | D:1      | Niddhoggr the Minotaur Fighter began the quest for the Orb.
     0 | D:1      | Reached XP level 1. HP: 19/19 MP: 0/0
    48 | D:1      | Reached XP level 2. HP: 17/27 MP: 1/1
    52 | D:1      | Reached skill level 4 in Fighting
   521 | D:1      | Reached XP level 3. HP: 26/34 MP: 2/2
  1570 | D:2      | Found an opulent altar of Gozag.
  1651 | D:2      | Found a sacrificial altar of Ru.
  1720 | D:2      | Found a sparkling altar of Nemelex Xobeh.
  1804 | D:2      | Reached skill level 5 in Fighting
  1804 | D:2      | Reached XP level 4. HP: 29/42 MP: 3/3
  2497 | D:3      | Reached skill level 1 in Polearms
  2611 | D:3      | Found a glowing drain.
  2628 | Sewer    | Entered a sewer
  2648 | Sewer    | Noticed a big kobold
  2672 | Sewer    | Killed a big kobold
  2672 | Sewer    | Reached XP level 5. HP: 38/50 MP: 4/4
  2717 | Sewer    | Reached skill level 6 in Fighting
  2758 | Sewer    | Noticed a big kobold
  2781 | Sewer    | Killed a big kobold
  2781 | Sewer    | Reached XP level 6. HP: 45/58 MP: 5/5
  2928 | Sewer    | Noticed a big kobold
  2967 | Sewer    | Killed a big kobold
  3117 | Sewer    | Noticed a big kobold
  3134 | Sewer    | Killed a big kobold
  3134 | Sewer    | Reached skill level 7 in Fighting
  3475 | Sewer    | Noticed a big kobold
  3492 | Sewer    | Killed a big kobold
  3492 | Sewer    | Reached skill level 5 in Polearms
  3492 | Sewer    | Reached XP level 7. HP: 66/66 MP: 6/6
  3506 | Sewer    | Noticed a big kobold
  3542 | Sewer    | Killed a big kobold
  3687 | D:3      | Noticed Jessica
  3689 | D:3      | Killed Jessica
  4270 | D:4      | Reached skill level 8 in Fighting
  4468 | D:4      | Noticed Edmund
  4485 | D:4      | Killed Edmund
  4521 | D:4      | Found a blossoming altar of Fedhas.
  5029 | D:4      | Reached XP level 8. HP: 35/75 MP: 7/7
  5566 | D:4      | Reached skill level 9 in Fighting
  5599 | D:4      | Found a shimmering altar of Xom.
  5837 | D:5      | Entered Level 5 of the Dungeon
  5877 | D:5      | Found a glowing golden altar of the Shining One.
  6222 | D:5      | Reached skill level 10 in Fighting
  6439 | D:6      | Found a staircase to the Ecumenical Temple.
  6543 | Temple   | Entered the Ecumenical Temple
  6608 | Temple   | Became a worshipper of Warmaster Okawaru
  6707 | D:6      | Learned a level 2 spell: Throw Frost
  6746 | D:6      | Found a radiant altar of Vehumet.
  6809 | D:6      | Reached XP level 9. HP: 81/86 MP: 8/8
  7056 | D:6      | Reached skill level 1 in Conjurations
  7281 | D:7      | Reached skill level 1 in Ice Magic
  7503 | D:7      | Noticed a hill giant
  7565 | D:8      | Found a radiant altar of Vehumet.
  7913 | D:9      | Reached skill level 11 in Fighting
  7967 | D:9      | Slain by an orc warrior

Action                   |  1- 3 |  4- 6 |  7- 9 || total
-------------------------+-------+-------+-------++-------
Melee: War axe           |   111 |     9 |       ||   120
       Spear             |       |   256 |   514 ||   770
Throw: Tomahawk          |       |       |     1 ||     1
  Use: Scroll            |       |       |    10 ||    10
       Potion            |       |       |     6 ||     6
 Stab: Paralysed         |     2 |       |       ||     2
       Sleeping          |       |       |     1 ||     1
  Eat: Bread ration      |     1 |     1 |     2 ||     4
       Meat ration       |       |     1 |     1 ||     2
       Pizza             |       |     1 |       ||     1
       Chunk             |       |       |     3 ||     3
       Beef jerky        |       |       |     1 ||     1
